 Dungeon Crawl Stone Soup version 0.21-a0-150-gc243083 (webtiles) character file.

55 nikopol the Firebug (level 3, -9/19 HPs)
             Began as a Deep Elf Fire Elementalist on July 26, 2017.
             Mangled by a gnoll
             ... wielding a +0 halberd
              (14 damage)
             ... on level 2 of the Dungeon.
             The game lasted 00:03:25 (1192 turns).

nikopol the Firebug (Deep Elf Fire Elementalist)    Turns: 1192, Time: 00:03:26

Health: -9/19      AC:  3    Str:  5    XL:     3   Next: 67%
Magic:  1/10       EV: 13    Int: 20    God:
Gold:   88         SH:  0    Dex: 15    Spells: 6/9 levels left

rFire    . . .     SeeInvis .   h - +0 dagger
rCold    . . .     Gourm    .   (no shield)
rNeg     . . .     Faith    .   a - +0 robe
rPois    .         Spirit   .   (no helmet)
rElec    .         Reflect  .   (no cloak)
rCorr    .         Harm     .   (no gloves)
MR       .....                  o - +0 pair of boots
Stlth    ++........             (no amulet)
HPRegen  0.06/turn              (no ring)
MPRegen  0.12/turn              (no ring)

@: no status effects
A: no striking features
a: no special abilities


You were on level 2 of the Dungeon.
You were not hungry.

You visited 1 branch of the dungeon, and saw 2 of its levels.

You collected 88 gold pieces.

Inventory:

Hand Weapons
 h - a +0 dagger (weapon)
Armour
 a - a +0 robe (worn)
 o - a +0 pair of boots (worn)
Scrolls
 d - a scroll of blinking {unknown}
 g - 3 scrolls of identify {unknown}
 i - 2 scrolls of enchant armour {unknown}
 l - a scroll of teleportation {unknown}
Potions
 e - a potion of brilliance {unknown}
 m - 4 potions of curing
Books
 b - a book of Flames

   Spells                             Type                      Level
   a - Flame Tongue                   Conjuration/Fire             1
   b - Throw Flame                    Conjuration/Fire             2
   c - Conjure Flame                  Conjuration/Fire             3
   d - Inner Flame                    Hexes/Fire                   3
   e - Sticky Flame                   Conjuration/Fire             4
   f - Fireball                       Conjuration/Fire             5
Comestibles
 c - a bread ration
 f - 4 fruits
 j - a meat ration
 k - a royal jelly


   Skills:
 + Level 0.1 Fighting
 + Level 3.1 Dodging
 + Level 2.6 Stealth
 + Level 3.7 Spellcasting
 + Level 1.3 Conjurations
 + Level 4.1 Fire Magic


You had 6 spell levels left.
You knew the following spells:

 Your Spells              Type           Power        Failure   Level  Hunger
a - Flame Tongue          Conj/Fire      ##...        4%          1    None
b - Throw Flame           Conj/Fire      ##....       6%          2    ##.....


Dungeon Overview and Level Annotations

Branches:
Dungeon (2/15)

Altars:


Message History

You don't have enough magic to cast that spell.
Unknown command.
It was a potion of curing.
You feel better. The adder closely misses you.
The gnoll hits you from afar with a halberd.
* * * LOW HITPOINT WARNING * * *
The adder barely misses you.
A rat comes into view.
The adder misses you.
Casting: Flame Tongue
Confirm with . or Enter, or press ? or * to list all spells.
Aiming: Flame Tongue
Press: ? - help, Shift-Dir - straight line, f/p - adder
Aim: an adder (severely wounded)
The flame tongue hits the adder.
You kill the adder!
The rat completely misses you. The rat barely misses you.
The gnoll hits you from afar with a halberd!
Ouch! That really hurt!
You die...

#.# #....#.#
... # #.#
#....#.# # #.#
##......#
#####.#
#......##
......#
####.##.#.#
#######
#.........###.#
#
#.#....g#.....#
#
#.#..##.#.###.#
#
#####.#...@.r.#
#
#....<##......#
#.#########.###
#.# #.# ... ...
.....


You could see a gnoll and a rat.

Vanquished Creatures
  2 gnolls (D:2)
  An adder (D:2)
  An ooze (D:1)
  A dart slug (D:1)
  2 bats
  A giant cockroach (D:2)
  3 goblins
  4 hobgoblins
  4 kobolds
  2 frilled lizards
  2 rats
23 creatures vanquished.

Notes
Turn   | Place    | Note
-------+----------+-------------------------------------------
     0 | D:1      | nikopol the Deep Elf Fire Elementalist began the quest for the Orb.
     0 | D:1      | Reached XP level 1. HP: 10/10 MP: 6/6
   262 | D:1      | Reached XP level 2. HP: 15/15 MP: 5/8
   276 | D:1      | Learned a level 2 spell: Throw Flame
   718 | D:2      | Reached skill level 4 in Fire Magic
  1148 | D:2      | Reached XP level 3. HP: 19/19 MP: 3/10
  1192 | D:2      | Mangled by a gnoll

Vault maps used:
D:1:      sevenhm_arrival_forest_fort_small_3
D:2:      chequers_ecumenical_altar_simple, minmay_misc_feat_secret_circle

Skill      XL: |  1  2  3 |
---------------+----------+-----
Fire Magic     | 4 |  4.1
Dodging        | 3 |  3.1
Fighting       | |  0.1
Stealth        | |  2.6
Spellcasting   | |  3.7
Conjurations   | |  1.3

Action                   || total
-------------------------++-------
 Cast: Flame Tongue      ||    52
       Throw Flame       ||     1
  Use: Potion            ||     1
  Eat: Chunk             ||     1
Armor: Robe              ||     6
Dodge: Dodged            ||    20
